 Dungeon Crawl Stone Soup version 0.27-a0-1046-g98bf31544f (webtiles) character file.

Game seed: 686856509274369070

44 Zeld the Conjurer (level 3, -1/23 HPs)
             Began as an Octopode Conjurer on Apr 19, 2021.
             Slain by a goblin
             ... wielding a +0 dagger
             ... led by Robin
              (2 damage)
             ... on level 2 of the Dungeon.
             The game lasted 00:03:31 (2286 turns).

Zeld the Conjurer (Octopode Conjurer)               Turns: 2286, Time: 00:03:31

Health: -1/23      AC:  1    Str:  6    XL:     3   Next: 60%
Magic:  3/6        EV: 13    Int: 21    God:
Gold:   99         SH:  0    Dex: 10    Spells: 4/7 levels left

rFire    . . .     SeeInvis .   (no weapon)
rCold    . . .     Faith    .   (no shield)
rNeg     . . .     Spirit   .   (helmet restricted)
rPois    .         Reflect  .   (no amulet)
rElec    .         Harm     .   (no ring)
rCorr    .         Rampage  .   (no ring)
Will     .....                  (no ring)
Stlth    +++.......             (no ring)
HPRegen  0.07/turn              (no ring)
MPRegen  0.10/turn              (no ring)
                                (no ring)
                                (no ring)

@: no status effects
A: almost no armour, amphibious, 8 rings, camouflage 1, gelatinous body 1,
(nimble swimmer 1), tentacles
a: no special abilities


You were on level 2 of the Dungeon.
You visited 1 branch of the dungeon, and saw 2 of its levels.

You collected 99 gold pieces.

Inventory:

Jewellery
 c - a +6 ring of dexterity
Scrolls
 a - a scroll of fog {unknown}
 b - 3 scrolls of teleportation {unknown}
Potions
 d - a potion of flight {unknown}


   Skills:
 * Level 1.4 Fighting
 + Level 2.2 Dodging
 - Level 2.6 Stealth
 * Level 2.5 Spellcasting
 * Level 4.4 Conjurations


You had 4 spell levels left.
You knew the following spells:

 Your Spells              Type           Power      Damage    Failure   Level
a - Magic Dart            Conj           84%        1d7       2%          1
b - Searing Ray           Conj           42%        3d4       3%          2

Your spell library contained the following spells:

 Spells                   Type           Power      Damage    Failure   Level
 Dazzling Flash           Conj/Hex       22%        N/A       17%         3
 Fulminant Prism          Conj/Hex       5%         3d7       50%         4
 Iskenderun's Mystic Bla  Conj/Tloc      11%        2d4       50%         4


Dungeon Overview and Level Annotations

Branches:
Dungeon (2/15)

Altars:

Annotations:
D:2 Robin


Innate Abilities, Weirdness & Mutations

You cannot wear most types of armour.
You are amphibious.
You can wear up to eight rings at the same time.
Your skin changes colour to match your surroundings (Stealth+).
Your rubbery body absorbs attacks. (AC +1, EV +1)
((You are camouflaged near water. (Stealth+)))
You have tentacles for arms and can constrict up to eight enemies at once.


Message History

Robin is nearby!
Casting: Searing Ray (safe; 3% risk of failure)
Confirm with . or Enter, or press ? or * to list all spells.
Aiming: Searing Ray (safe; 3% risk of failure)
Press: ? - help, Shift-Dir - straight line, f - Robin
Aim: Robin, wielding a +0 short sword, wearing a +0 animal skin and wearing a +0 helmet (84% to hit)
The searing ray hits Robin but does no damage. (Press . to maintain the ray.)
You hear a shout!
Robin throws the goblin at you! The goblin hits you but does no damage.
You hear a shout!
The searing ray misses Robin.
The goblin misses you.
Without enough magic to sustain it, your searing ray dissipates.
The goblin hits you with a +0 dagger.
Robin roars a battlecry!
The goblin goes into a battle-frenzy!
The goblin hits you with a +0 dagger.
Press: ? - help, v - describe, . - travel
Here: Robin, wielding a +0 short sword, wearing a +0 animal skin and wearing a +0 helmet The floor.
Unknown command.
Robin throws the goblin at you!
A goblin comes into view. It is wielding a +0 club.
A frilled lizard comes into view.
The goblin no longer looks unusually strong.
Robin roars a battlecry!
The goblins go into a battle-frenzy!
Robin throws the goblin at you! The goblin hits you with a +0 club.
You see here a +0 short sword.
You tentacle-slap the goblin. Your grab misses the goblin.
The goblin is moderately wounded.
The goblin hits you with a +0 dagger.
* * * LOW HITPOINT WARNING * * *
The goblin hits you with a +0 club.
* * * LOW HITPOINT WARNING * * *
You closely miss the goblin. Your grab misses the goblin.
You squeeze the goblin.
You kill the goblin!
The goblin hits you with a +0 dagger.
You die...

# ##.## ##.## #.# # #.#.#
#.######.# # #..## #........# #
#.## ##+########## ## #.# ##...##
#.. .##### #.#### ##.....## #.#
.....# #.##.## ##.......## #..
.###.####.#...####.........####..
............lg.g@)......)..+.....
.###.####.#...####........<####..
.# #.# #...#.## ##.......## #..
.###.# #...### ##.....## #.#
.....# #...# ##...## #.. .#####
###.# ##+## ### .# #.# #.# .# #.#
#.# .# #.# ####.##########


You could see Robin, a goblin (strong) and a frilled lizard.

Vanquished Creatures
  A worm (D:2)
  A dart slug (D:1)
  4 bats
  2 endoplasms
  2 giant cockroaches (D:1)
  5 goblins
  A hobgoblin (D:2)
  4 jackals (D:2)
  A quokka (D:2)
  3 ball pythons
  2 frilled lizards
  6 kobolds
  A rat (D:1)
33 creatures vanquished.

Notes
Turn   | Place    | Note
-------+----------+-------------------------------------------
     0 | D:1      | Zeld the Octopode Conjurer began the quest for the Orb.
     0 | D:1      | Reached XP level 1. HP: 11/11 MP: 3/3
   213 | D:1      | Found a faded altar of an unknown god.
   244 | D:1      | Reached XP level 2. HP: 18/18 MP: 1/5
   247 | D:1      | Learned a level 2 spell: Searing Ray
   955 | D:2      | Reached skill level 1 in Fighting
  1020 | D:2      | Reached XP level 3. HP: 23/23 MP: 0/6
  2258 | D:2      | Noticed Robin
  2285 | D:2      | HP: 1/23 [goblin/+0 club[Robin] (2)]
  2286 | D:2      | Slain by a goblin

Illustrated notes

Levels and vault maps discovered:
D:1:      dpeg_arrival_houses_and_road, layout_basic,
          shapermc_ecumenical_altar_mp_highgroup
D:2:      layout_loops_corners, minmay_misc_feat_encased, uniq_robin

Skill      XL: |  1  2 |
---------------+-------+-----
Fighting       | 1 |  1.4
Dodging        | |  2.2
Stealth        | |  2.6
Spellcasting   | |  2.5
Conjurations   | |  4.4

Action                   || total
-------------------------++-------
Melee: Unarmed           ||    15
       Tentacles         ||     3
       Constrict         ||     3
 Cast: Magic Dart        ||    47
       Searing Ray       ||     6
Armor: Skin              ||     1
Dodge: Dodged            ||    21

Table legend: (Time is in decaauts)
 A = Elapsed time spent in this place.
 B = Non-inter-level travel time spent in this place.
 C = Inter-level travel time spent in this place.
 D = Time resting spent in this place.
 E = Time spent auto-exploring this place.
 F = Levels seen in this place.
 G = Mean time per level.
                   A        B        C        D        E       F      G
               +--------+--------+--------+--------+--------+-----+--------+
         Total |   2285 |   2265 |     20 |    416 |   1637 |   2 | 1142.5 |
       Dungeon |   2285 |   2265 |     20 |    416 |   1637 |   2 | 1142.5 |
               +--------+--------+--------+--------+--------+-----+--------+

Top non-repeatable levels by time:
     D:2: 1332 daAuts
     D:1: 953 daAuts
